 Dungeon Crawl Stone Soup version 0.25-a0-184-gcd15a05269 (webtiles) character file.

Game seed: 1607056425237149707, levelgen mode: deterministic

32 Gumption the Grave Robber (level 3, -2/24 HPs)
             Began as a Human Necromancer on Nov 27, 2019.
             Slain by Terence
             ... wielding a +0 flail
              (5 damage)
             ... on level 2 of the Dungeon.
             The game lasted 00:07:57 (1413 turns).

Gumption the Grave Robber (Human Necromancer)       Turns: 1413, Time: 00:07:57

Health: -2/24      AC:  3    Str:  8    XL:     3   Next: 45%
Magic:  1/6        EV: 12    Int: 16    God:
Gold:   60         SH:  0    Dex: 13    Spells: 5/7 levels left

rFire    . . .     SeeInvis .   a - +0 spear
rCold    . . .     Gourm    .   (no shield)
rNeg     . . .     Faith    .   h - +0 robe
rPois    .         Spirit   .   (no helmet)
rElec    .         Reflect  .   (no cloak)
rCorr    .         Harm     .   (no gloves)
MR       .....                  k - +0 pair of boots
Stlth    ++........             (no amulet)
HPRegen  0.08/turn              (no ring)
MPRegen  0.10/turn              (no ring)

@: no status effects
A: no striking features
a: no special abilities


You were on level 2 of the Dungeon.
You were not hungry.

You visited 1 branch of the dungeon, and saw 2 of its levels.

You collected 60 gold pieces.

Inventory:

Hand Weapons
 a - a +0 spear (weapon)
 d - a +0 hunting sling
Armour
 h - a +0 robe (worn)
 k - a +0 pair of boots (worn)
Scrolls
 b - a scroll of identify
 g - a scroll of immolation {unknown}
 l - a scroll of fog {unknown}
 m - a scroll of remove curse {unknown}
Potions
 c - 2 potions of mutation
 f - a potion of brilliance
 j - a potion of degeneration
Comestibles
 e - 2 rations
 i - 3 chunks of flesh


   Skills:
 - Level 2.0 Dodging
 - Level 2.0 Stealth
 + Level 2.5 Spellcasting
 * Level 4.7 Necromancy


You had 5 spell levels left.
You knew the following spells:

 Your Spells              Type           Power        Failure   Level  Hunger
a - Pain                  Necr           ###.         2%          1    #......
b - Animate Skeleton      Necr           N/A          2%          1    #......

Your spell library contained the following spells:

 Spells                   Type           Power        Failure   Level  Hunger
 Vampiric Draining        Necr           ###.......   9%          3    ###....
 Regeneration             Chrm/Necr      #.........   22%         3    ###....
 Animate Dead             Necr           N/A          28%         4    #####..


Dungeon Overview and Level Annotations

Branches:
Dungeon (2/15)

Altars:

Annotations:
D:2 Terence


Message History

You don't have enough magic to cast that spell.
You hit Terence but do no damage.
Terence is severely wounded.
Terence barely misses you.
You barely miss Terence.
Terence is severely wounded.
Terence closely misses you.
You hit Terence but do no damage.
Terence is severely wounded.
Terence hits you with a +0 flail.
* * * LOW HITPOINT WARNING * * *
You hit Terence but do no damage.
Terence is severely wounded.
The kobold hits you but does no damage. Terence hits you but does no damage.
You hit Terence but do no damage.
Terence is severely wounded.
The kobold hits you.
* * * LOW HITPOINT WARNING * * *
Terence hits you with a +0 flail.
You die...

#.# ##...g. #.#
#...).. #.# #..
#.#g%## .. #.#
#.####....# .. #.#
##.##.....## #.##.##
#........## #....(#
#..#.....#
####..#####
##.#.....#
#...K@@####.......#
##.#...(..........#..
#.#..................
#.#..................
#.#........)......?..
#.#..........#.......
#.#..................
.....................
#............).......


You could see Terence and a kobold.

Vanquished Creatures
  An ooze (D:1)
  A dart slug (D:1)
  A ball python (D:1)
  5 bats
  2 giant cockroaches (D:1)
  4 goblins
  2 hobgoblins (D:1)
  3 frilled lizards (D:1)
  2 kobolds (D:1)
  4 rats
25 creatures vanquished.

Vanquished Creatures (collateral kills)
  A rat (D:2)
1 creature vanquished.

Grand Total: 26 creatures vanquished

Notes
Turn   | Place    | Note
-------+----------+-------------------------------------------
     0 | D:1      | Gumption the Human Necromancer began the quest for the Orb.
     0 | D:1      | Reached XP level 1. HP: 13/13 MP: 3/3
     2 | D:1      | Learned a level 1 spell: Animate Skeleton
   383 | D:1      | Reached XP level 2. HP: 7/19 MP: 3/5
  1084 | D:1      | Reached XP level 3. HP: 20/24 MP: 1/6
  1384 | D:2      | Noticed Terence
  1413 | D:2      | Slain by Terence

Levels and vault maps discovered:
D:1:      nzn_arrival_settlement, layout_basic, minmay_misc_feat_enclosed
D:2:      layout_rooms, minitemple, uniq_terence, uniq_crazy_yiuf_cottage

Action                   || total
-------------------------++-------
Melee: Unarmed           ||    15
       Spear             ||    13
 Cast: Pain              ||    47
       Animate Skeleton  ||     6
  Use: Scroll            ||     3
  Eat: Chunk             ||     2
Armor: Robe              ||    11
Dodge: Dodged            ||    29

Table legend:
 A = Non-vault XP
 B = Vault XP
 C = Vault XP percentage of total XP
 D = Non-vault monster count
 E = Vault monster count
 F = Vault count percentage of total count
                 A         B        C        D         E       F
            +---------+---------+-------+---------+---------+-------
      Total |      47 |       0 |   0.0 |      26 |       0 |   0.0
            +---------+---------+-------+---------+---------+-------
        D:1 |      40 |       0 |   0.0 |      21 |       0 |   0.0
        D:2 |       7 |       0 |   0.0 |       5 |       0 |   0.0
            +---------+---------+-------+---------+---------+-------
